 Dungeon Crawl Stone Soup version 0.30-a0-12-gd8047c6341 (webtiles) character file.

Game seed: 2911770657417700252

0 drugrobin the Sneak (level 1, -7/18 HPs)
             Began as a Demigod Delver on Aug 23, 2022.
             Killed from afar by an orc wizard (8 damage)
             ... with a puff of flame
             ... on level 5 of the Dungeon.
             The game lasted 00:00:41 (81 turns).

drugrobin the Sneak (Demigod Delver)                  Turns: 81, Time: 00:00:42

Health: -7/18      AC:  3    Str: 13    XL:     1   Next: 0%
Magic:  3/3        EV: 11    Int: 12    God:
Gold:   0          SH:  0    Dex: 15    Spells: 0/0 levels left

rFire   . . .      SeeInvis .    a - +0 short sword
rCold   . . .      Faith    .    (no shield)
rNeg    . . .      Spirit   .    b - +0 leather armour
rPois   .          Reflect  .    (no helmet)
rElec   .          Harm     .    (no cloak)
rCorr   .          Rampage  .    (no gloves)
Will    .....                    (no boots)
Stlth   +++.......               (no amulet)
HPRegen 0.06/turn                (no ring)
MPRegen 0.08/turn                (no ring)

@: no status effects
A: high MP 1, forlorn, divine attributes
a: no special abilities


You were on level 5 of the Dungeon.
You visited 1 branch of the dungeon, and saw 1 of its levels.

Inventory:

Hand Weapons
 a - a +0 short sword (weapon)
Missiles
 h - 2 stones (quivered)
Armour
 b - a +0 leather armour (worn)
Jewellery
 e - a ring of wizardry
Wands
 g - a wand of digging (3)
Scrolls
 c - a scroll of fog
 d - a scroll of magic mapping
Potions
 f - a potion of haste


   Skills:
 - Level 2.6 Fighting
 + Level 1.7 Short Blades
 - Level 1.7 Dodging
 - Level 4.5 Stealth


You couldn't memorise any spells.
You didn't know any spells.
Your spell library was empty.

Dungeon Overview and Level Annotations

Branches:
Dungeon (5/15)             Temple (0/1) D:5


Innate Abilities, Weirdness & Mutations

You have an increased reservoir of magic. (+10% MP)
You shall have no god before yourself.
Your divine heritage dramatically boosts your attributes as you level up.


Message History

As you read the scroll of fear, it crumbles to dust.
You assume a fearsome visage.
The jelly looks frightened!
The orc looks frightened! x2; The adder looks frightened!
The adder hisses angrily.
The iguana looks frightened!
The orc wizard looks frightened! x2
The orc looks frightened! x2
The orc wizard mumbles some strange words.
The orc wizard flickers and vanishes!
Deactivating autopickup; reactivate with Ctrl-A.
The orc wizard gestures wildly while chanting.
The orc wizard flickers and vanishes!
Unknown command.
Unknown command.
Found a brass ring.
The orc shouts!
You see here a ring of wizardry.
e - a ring of wizardry The orc seems to regain its courage.
The iguana seems to regain its courage.
The orc attacks as you move away! The orc hits you with a +0 war axe.
The orc attacks as you move away! The orc hits you with a +0 war axe.
You barely miss the orc. The orc hits you with a +0 war axe.
You hear a shout!
You hit the orc.
The orc is heavily wounded.
The orc hits you with a +0 war axe.
* * * LOW HITPOINT WARNING * * *
Unknown command.
Unknown command.
You hit the orc but do no damage.
The orc is heavily wounded.
The orc barely misses you.
Unknown command.
Unknown command.
The orc shouts!
You hit the orc.
You kill the orc!
A puff of flame appears from out of thin air!
The puff of flame hits you!
You die...

##################
.......@)l.......#
.......###.......#
.......#.........#
.......#.##l..####
...##{##.##.### ..
o........### .
............#########
#..⌠...⌠..#..........
.........##.........


You could see an iguana and an orc.

Vanquished Creatures
  An orc (D:5)
1 creature vanquished.

Notes
Turn   | Place    | Note
-------+----------+-------------------------------------------
     0 | D:5      | drugrobin the Demigod Delver began the quest for the Orb.
     0 | D:5      | Reached XP level 1. HP: 18/18 MP: 3/3
    50 | D:5      | Noticed a jelly
    54 | D:5      | Noticed an iguana
    57 | D:5      | Found a staircase to the Ecumenical Temple.
    58 | D:5      | Noticed an orc wizard
    58 | D:5      | Noticed an orc wizard
    81 | D:5      | Killed from afar by an orc wizard

Illustrated notes

Levels and vault maps discovered:
D:5:      layout_basic, minmay_temple_entry_large_hall, chequers_avenue,
          minmay_mini_ossuary

Action                   || total
-------------------------++-------
Melee: Short sword       ||     4
  Use: Scroll            ||     1
Dodge: Dodged            ||     1

Table legend: (Time is in decaauts)
 A = Elapsed time spent in this place.
 B = Non-inter-level travel time spent in this place.
 C = Inter-level travel time spent in this place.
 D = Time resting spent in this place.
 E = Time spent auto-exploring this place.
 F = Levels seen in this place.
 G = Mean time per level.
                   A        B        C        D        E       F      G
               +--------+--------+--------+--------+--------+-----+--------+
         Total |     81 |     81 |      0 |      0 |      0 |   1 |   81.0 |
       Dungeon |     81 |     81 |      0 |      0 |      0 |   1 |   81.0 |
               +--------+--------+--------+--------+--------+-----+--------+

Top non-repeatable levels by time:
     D:5: 81 daAuts
